 Dungeon Crawl Stone Soup version 0.23.2-30-g0e89c35649 (webtiles) character file.

Game seed: 17547063448463699647

30681 DildoBatman the Reanimator (level 13, -2/91 HPs)
             Began as a Formicid Wizard on June 19, 2019.
             Was an Initiate of Gozag.
             Slain by a reaper
             ... wielding a +6 scythe of pain
             ... summoned by the malice of Kikubaaqudgha
              (3 damage)
             ... on level 1 of the Lair of Beasts.
             The game lasted 01:16:54 (18389 turns).

DildoBatman the Reanimator (Formicid Wizard)       Turns: 18389, Time: 01:16:54

Health: -2/91      AC: 16    Str: 17    XL:     13   Next: 90%
Magic:  13/25      EV: 13    Int: 24    God:    Gozag
Gold:   271        SH: 12    Dex: 21    Spells: 11/28 levels left

rFire    . . .     SeeInvis +   a - +9 mace of the Philosopher {crush, rF+ Dex+5}
rCold    . . .     Gourm    .   B - +0 shield
rNeg     . . .     Faith    .   o - +4 troll leather armour {Snorg}
rPois    +         Spirit   .   (helmet unavailable)
rElec    +         Reflect  .   s - +0 cloak
rCorr    .         Harm     .   E - +2 pair of gloves
MR       +....                  J - +2 pair of boots
Stlth    ++++......             m - amulet of Bixtareq {RegenMP *Slow +Inv rElec Dex+7}
HPRegen  1.65/turn              w - ring of stealth
MPRegen  0.44/turn              N - ring "Cevvasch" {rElec rPois rF- Str+6 Slay+5}

@: lethally poisoned (-2 -> -2), gold aura, regenerating
A: permanent stasis, dig shafts and tunnels, four strong arms, antennae 3
a: Dig, Shaft Self, Potion Petition, Call Merchant, Bribe Branch, Renounce
Religion, Evoke Invisibility


You were on level 1 of the Lair of Beasts.
You worshipped Gozag.
Gozag was aware of your devotion.
You were full.

You visited 4 branches of the dungeon, and saw 17 of its levels.

You collected 1549 gold pieces.
You spent 726 gold pieces at shops.
You paid 552 gold pieces to Gozag.

Inventory:

Hand Weapons
 a - the +9 mace of the Philosopher (weapon) {crush, rF+ Dex+5}
   (You found it on level 6 of the Dungeon)

   It inflicts extra damage upon your enemies.
   It affects your dexterity (+5).
   It protects you from fire.
 c - the +2 arbalest of the Undead {freeze, rN+ Str+7 Stlth+}
   (You found it on level 1 of the Lair of Beasts)

   It causes projectiles fired from it to freeze those they strike, causing
   extra injury to most foes and up to half again as much damage against
   particularly susceptible opponents.
   They can also slow down cold-blooded creatures.
   It affects your strength (+7).
   It protects you from negative energy.
   It makes you more stealthy.
 R - the +8 great mace of Valuable Assets {freeze, -Tele rN+++ Stlth+}
   (You took it off a centaur on level 7 of the Dungeon)

   It has been specially enchanted to freeze those struck by it, causing extra
   injury to most foes and up to half again as much damage against particularly
   susceptible opponents.
   It can also slow down cold-blooded creatures.
   It renders you almost immune to negative energy.
   It prevents most forms of teleportation.
   It makes you more stealthy.
Missiles
 d - 251 bolts
 h - 106 sling bullets
 l - 224 arrows
 p - 4 throwing nets (quivered)
 D - 6 needles of sleeping
Armour
 o - a +4 troll leather armour (worn) {Snorg}
 s - a +0 cloak (worn)
 B - a +0 shield (worn)
 E - a +2 pair of gloves (worn)
 J - a +2 pair of boots (worn)
Magical Staves
 b - an uncursed staff of poison
Jewellery
 m - the amulet of Bixtareq (around neck) {RegenMP *Slow +Inv rElec Dex+7}
   (You bought it in a shop on level 2 of the Orcish Mines)

   [amulet of magic regeneration]

   It increases your magic regeneration.
   It affects your dexterity (+7).
   It insulates you from electricity.
   It lets you turn invisible.
   It may slow you when you take damage.
 w - a ring of stealth (left hand)
 H - an uncursed ring of protection from cold
 I - an uncursed ring of protection from fire
 K - an uncursed ring of resist corrosion
 N - the ring "Cevvasch" (right hand) {rElec rPois rF- Str+6 Slay+5}
   (You took it off a crimson imp on level 7 of the Dungeon)

   [ring of strength]

   It affects your strength (+6).
   It affects your accuracy and damage with ranged weapons and melee attacks
   (+5).
   It makes you vulnerable to fire.
   It insulates you from electricity.
   It protects you from poison.
Wands
 k - a wand of paralysis (7)
 q - a wand of scattershot (9)
 A - a wand of flame (50)
 F - a wand of acid (19)
Scrolls
 f - 2 scrolls of magic mapping {unknown}
 g - a scroll of silence {unknown}
 r - a scroll of summoning {unknown}
 t - a scroll of torment {unknown}
 x - 9 scrolls of remove curse
 y - a scroll of fog
 z - 7 scrolls of identify
 L - 2 scrolls of acquirement {unknown}
 P - a scroll of holy word {unknown}
Potions
 e - 3 potions of heal wounds {unknown}
 i - a potion of cancellation {unknown}
 j - a potion of mutation {unknown}
 n - a potion of brilliance {unknown}
 u - 2 potions of curing {unknown}
 G - a potion of degeneration {unknown}
 S - 3 potions of agility
Miscellaneous
 Q - a lamp of fire
Comestibles
 v - 29 rations


   Skills:
 - Level 5.0 Fighting
 - Level 8.1 Maces & Flails
 - Level 5.0 Armour
 - Level 3.0 Dodging
 - Level 6.0 Stealth
 - Level 9.0 Shields
 - Level 8.1 Spellcasting
 - Level 6.0 Conjurations
 - Level 4.0 Charms
   Level 1.0 Summonings
 * Level 11.6 Necromancy
   Level 0.8 Translocations
 - Level 4.0 Fire Magic
 - Level 4.0 Air Magic
 - Level 8.0 Poison Magic


You had 11 spell levels left.
You knew the following spells:

 Your Spells              Type           Power        Failure   Level  Hunger
a - Conjure Flame         Conj/Fire      ####....     3%          3    None
c - Magic Dart            Conj           ####         1%          1    None
d - Regeneration          Chrm/Necr      #####.....   1%          3    None
e - Mephitic Cloud        Conj/Pois/Air  #####...     1%          3    None
h - Dispel Undead         Necr           ######..     1%          5    #####..
z - Sublimation of Blood  Necr           ######....   1%          2    None

Your spell library contained the following spells:

 Spells                   Type           Power        Failure   Level  Hunger
 Pain                     Necr           ####         1%          1    None
 Corpse Rot               Necr           N/A          1%          2    None
 Animate Dead             Necr           N/A          1%          4    ##.....
 Agony                    Necr           ######..     1%          5    #####..
 Bolt of Draining         Conj/Necr      ######....   5%          5    #####..
 Call Imp                 Summ           ##......     8%          2    None
 Slow                     Hex            #.......     12%         2    None
 Borgnjor's Vile Clutch   Necr/Erth      #####.....   21%         5    #####..
 Haunt                    Necr/Summ      #####.....   99%         7    #######
 Borgnjor's Revivificati  Necr           ######....   99%         8    #######
 Infestation              Necr           ######....   99%         8    #######
 Death's Door             Chrm/Necr      #####.....   100%        8    #######
 Necromutation            Tmut/Necr      #####.....   100%        8    #######
 Blink                    Tloc           Unusable     N/A         2    N/A

Dungeon Overview and Level Annotations

Branches:
Dungeon (13/15)            Temple (1/1) D:5            Lair (1/6) D:10
    Orc (2/2) D:11            Elf (0/3) Orc:2
 Vaults: D:13-14

Altars:
Ashenzari
Cheibriados
Dithmenos
Elyvilon
Fedhas
Gozag
Hepliaklqana
Kikubaaqudgha
Makhleb
Nemelex Xobeh
Okawaru
Qazlal
Ru
Sif Muna
Trog
Uskayaw
Vehumet
Wu Jian
Xom
Yredelemnul
Zin
The Shining One
Beogh

Shops:
Orc:2 *([*


Innate Abilities, Weirdness & Mutations

You cannot be hasted, slowed, berserked, paralysed or teleported.
You can dig through walls and to a lower floor.
Your four strong arms can wield two-handed weapons with a shield.
You have a pair of large antennae on your head. (SInv)


Message History

A wolf comes into view.
The wolf is engulfed in noxious fumes.
The wolf appears confused.
The reaper is engulfed in blazing flames.
The reaper hits you with a +6 scythe of pain!!
The wolf howls!
The wolf is engulfed in noxious fumes.
The wolf appears confused.
The wolf completely misses the wolf.
You hear a howl!
You retract your mandibles.
You feel sick. You block the yak's attack.
The yak becomes distracted by your gold, dreaming of imaginary riches.
You feel sick.
You feel sick.
The reaper hits you from afar with a +6 scythe of pain!!!
You writhe in agony.
You die...
Your body crumbles into a pile of gold.

.........#......♣♣♣♣♣♣.####P..#
#####....#+.##≈≈≈≈≈≈≈≈≈# ##..#
#......♣♣♣≈≈≈≈≈≈≈≈♣# #..#
#..#.≈♣≈≈P≈≈≈P≈≈≈≈♣## #..#
##..≈≈≈≈≈≈≈≈≈≈≈≈≈≈≈PP# #..#
####P..P≈≈≈PP≈≈≈≈≈≈≈≈≈≈≈♣###..#
.......+≈≈P≈≈P≈≈≈P♣≈≈≈≈.♣.....#
.......#.♣♣≈≈≈..≈≈≈...........#
.......#....HYY.@.............##
.......####............≈≈≈≈....#
r.S...........2≈.≈≈≈≈≈≈≈♣♣♣#...#
...........Y.≈≈P≈≈≈≈≈≈≈♣≈ #...#
.Y$#++.#.###h#♣♣≈P♣≈≈≈≈♣# #..##
#..###...$.§..h♣♣♣♣♣♣♣♣# #..#
...Y..#########h# #..# ......# #
h. { #..# #.#.#..{#


hh. ######..# You could see a reaper, a hippogriff, 3 yaks and a wolf
(confused).

Vanquished Creatures
  An orc warlord (Orc:2)
  Snorg (D:11)
  Harold (D:10)
  2 two-headed ogres
  2 orc high priests
  2 unseen horrors (D:11)
  3 orc knights
  2 deep elf magi
  4 ugly things
  An orc sorcerer (Orc:1)
  A cyclops (shapeshifter) (D:10)
  A kobold demonologist (D:11)
  2 komodo dragons
  A centaur skeleton (D:11)
  2 gargoyles
  3 tengu conjurers
  4 trolls
  A wolf spider simulacrum (D:12)
  A hornet (D:9)
  9 slime creatures
  2 hippogriffs
  2 wraiths (D:10)
  20 yaks
  2 wyverns (D:9)
  A basilisk (D:12)
  4 hungry ghosts
  2 wargs
  Duvessa (D:5)
  3 black bears
  26 orc warriors
  A hornet zombie (D:12)
  6 phantoms
  2 sky beasts (D:7)
  15 ogres
  7 centaurs
  4 crocodiles
  6 big kobolds
  7 bullfrogs
  2 gnoll sergeants (D:9)
  A wyvern skeleton (D:10)
  Dowan (D:5)
  5 scorpions
  8 killer bees
  2 electric eels (Lair:1)
  A wight (D:9)
  3 howler monkeys
  3 centaur zombies
  8 crimson imps
  A quasit (D:12)
  5 jellies
  12 orc priests
  Crazy Yiuf (D:3)
  3 hounds
  23 orc wizards
  2 bullfrog skeletons
  6 iguanas
  8 worker ants
  2 hound zombies
  3 hound skeletons
  A howler monkey zombie (D:7)
  2 worker ant zombies
  Robin (D:2)
  13 gnolls
  22 adders
  A howler monkey skeleton (D:6)
  A shadow imp (D:8)
  An ooze (D:7)
  4 adder skeletons
  An adder zombie (D:9)
  5 worms
  A dart slug (D:1)
  8 leopard geckos
  94 orcs
  A ball python (D:2)
  5 bats
  4 giant cockroaches
  10 goblins
  21 hobgoblins
  8 jackals
  23 kobolds
  8 quokkas
  5 frilled lizards
  2 jackal skeletons
  A leopard gecko skeleton (D:4)
  A quokka zombie (D:8)
  4 rats
503 creatures vanquished.

Vanquished Creatures (others)
  A gnoll (Orc:1)
  A fungus (Lair:1)
  2 plants (D:12)
4 creatures vanquished.

Grand Total: 507 creatures vanquished

Notes
Turn   | Place    | Note
-------+----------+-------------------------------------------
     0 | D:1      | DildoBatman the Formicid Wizard began the quest for the
                  | Orb.
     0 | D:1      | Reached XP level 1. HP: 13/13 MP: 4/4
    20 | D:1      | Reached skill level 1 in Conjurations
   209 | D:1      | Reached XP level 2. HP: 18/19 MP: 1/6
   727 | D:1      | Reached XP level 3. HP: 24/24 MP: 2/7
   732 | D:1      | Learned a level 3 spell: Conjure Flame
   736 | D:1      | Learned a level 3 spell: Mephitic Cloud
  1205 | D:2      | Found a shattered altar of Ashenzari.
  1582 | D:2      | Reached XP level 4. HP: 22/30 MP: 0/8
  2252 | D:1      | Reached XP level 5. HP: 26/35 MP: 0/9
  2397 | D:3      | Found a deep blue altar of Sif Muna.
  2450 | D:3      | Noticed Robin
  2883 | D:3      | Found a basalt altar of Yredelemnul.
  2883 | D:3      | Found a shimmering altar of Xom.
  3500 | D:3      | Found a runed translucent door.
  3501 | D:3      | Noticed Crazy Yiuf
  4111 | D:4      | Noticed an ogre
  4212 | D:4      | Reached skill level 5 in Conjurations
  4212 | D:4      | Reached XP level 6. HP: 39/41 MP: 6/10
  4409 | D:5      | Entered Level 5 of the Dungeon
  4601 | D:5      | Found a staircase to the Ecumenical Temple.
  4609 | Temple   | Entered the Ecumenical Temple
  5187 | D:5      | Found a stormy altar of Qazlal.
  5670 | D:6      | Noticed Dowan
  5674 | D:6      | Noticed Duvessa
  5749 | D:6      | Reached XP level 7. HP: 36/46 MP: 7/11
  5756 | D:6      | Reached skill level 1 in Poison Magic
  5785 | D:6      | Reached skill level 1 in Fire Magic
  5867 | D:6      | Got an ancient mace
  5868 | D:6      | Identified the +9 mace of the Philosopher {crush, rF+
                  | Dex+5} (You found it on level 6 of the Dungeon)
  6764 | D:7      | Reached skill level 1 in Air Magic
  6851 | D:7      | Identified the ring "Cevvasch" {rElec rPois rF- Str+6
                  | Slay+5}
  7101 | D:7      | Noticed a hungry ghost
  7268 | D:7      | Reached skill level 1 in Maces & Flails
  7769 | D:8      | Reached XP level 8. HP: 43/52 MP: 4/12
  7966 | D:8      | Got a shimmering leather armour
  7984 | D:8      | Identified the +4 leather armour "Vifyit" {Dex+5} (You
                  | found it on level 8 of the Dungeon)
  8173 | D:8      | Reached skill level 1 in Armour
  8327 | D:8      | Found a glowing golden altar of the Shining One.
  8505 | D:9      | Noticed a wyvern
  8538 | D:9      | Noticed a wyvern
  8608 | D:9      | Found an ancient bone altar of Kikubaaqudgha.
  8611 | D:9      | Became a worshipper of Kikubaaqudgha
  8629 | D:9      | Killed a wyvern
  8629 | D:9      | Reached skill level 1 in Fighting
  8850 | D:7      | Reached XP level 9. HP: 37/61 MP: 4/14
  9051 | D:7      | Noticed a deep elf mage
  9059 | D:7      | Noticed a cyan ugly thing
  9070 | D:7      | Killed a cyan ugly thing
  9070 | D:7      | Reached skill level 5 in Poison Magic
  9072 | D:7      | Killed a deep elf mage
  9083 | D:7      | Reached * piety under Kikubaaqudgha
  9083 | D:7      | Identified Kikubaaqudgha's Catalogue of Evil Secrets
                  | (Kikubaaqudgha gifted it to you on level 7 of the Dungeon)
  9083 | D:7      | Received a gift from Kikubaaqudgha
  9101 | D:7      | Learned a level 3 spell: Regeneration
  9117 | D:7      | Reached skill level 5 in Stealth
  9117 | D:7      | Reached XP level 10. HP: 64/70 MP: 9/16
  9199 | D:7      | Reached skill level 1 in Charms
  9199 | D:7      | Reached skill level 1 in Necromancy
  9272 | D:7      | Identified the +8 great mace of Valuable Assets {freeze,
                  | -Tele rN+++ Stlth+}
  9384 | D:7      | Got a polished leather armour
  9715 | D:7      | Identified the +0 leather armour "Juehaod" {rN+ Int+3} (You
                  | found it on level 7 of the Dungeon)
  9777 | D:7      | Learned a level 2 spell: Sublimation of Blood
 10107 | D:5      | Killed Dowan
 10118 | D:5      | Killed Duvessa
 10118 | D:5      | Reached skill level 2 in Necromancy
 10451 | D:4      | Reached ** piety under Kikubaaqudgha
 10577 | D:3      | Killed Crazy Yiuf
 10703 | D:2      | Killed Robin
 10937 | D:9      | Reached skill level 5 in Maces & Flails
 11097 | D:9      | Reached skill level 3 in Necromancy
 11155 | D:9      | Reached XP level 11. HP: 78/78 MP: 12/17
 11161 | D:9      | Found a sacrificial altar of Ru.
 11173 | D:9      | Found a glowing silver altar of Zin.
 11173 | D:9      | Found a bloodstained altar of Trog.
 11291 | D:9      | Reached skill level 5 in Armour
 11338 | D:9      | Reached skill level 5 in Fighting
 11338 | D:9      | Reached skill level 1 in Shields
 11583 | D:9      | Noticed a two-headed ogre
 11614 | D:9      | Reached *** piety under Kikubaaqudgha
 11614 | D:9      | Identified Kikubaaqudgha's Compendium of Sinister Magic
                  | (Kikubaaqudgha gifted it to you on level 9 of the Dungeon)
 11614 | D:9      | Received a gift from Kikubaaqudgha
 11627 | D:9      | Reached skill level 4 in Necromancy
 11946 | D:9      | Killed a two-headed ogre
 12360 | D:10     | Entered Level 10 of the Dungeon
 12373 | D:10     | Reached skill level 5 in Necromancy
 12463 | D:10     | Learned a level 5 spell: Dispel Undead
 12615 | D:10     | Reached skill level 5 in Shields
 12670 | D:10     | Found a staircase to the Lair.
 12763 | D:10     | Noticed Harold
 12777 | D:10     | Killed Harold
 12928 | D:10     | Reached XP level 12. HP: 86/86 MP: 13/18
 12946 | D:10     | Reached skill level 6 in Necromancy
 13336 | D:11     | Noticed Snorg
 13389 | D:11     | Reached **** piety under Kikubaaqudgha
 13470 | D:11     | Killed Snorg
 13479 | D:11     | Noticed an unseen horror
 13488 | D:11     | Killed an unseen horror
 13798 | D:11     | Found a white marble altar of Elyvilon.
 13848 | D:11     | Noticed an unseen horror
 13860 | D:11     | Killed an unseen horror
 13860 | D:11     | Reached skill level 5 in Spellcasting
 13897 | D:11     | Found a staircase to the Orcish Mines.
 14377 | Orc:1    | Entered Level 1 of the Orcish Mines
 14438 | Orc:2    | Entered Level 2 of the Orcish Mines
 14522 | Orc:2    | Noticed a two-headed ogre
 14532 | Orc:2    | Killed a two-headed ogre
 14532 | Orc:2    | Reached skill level 7 in Necromancy
 14688 | Orc:2    | Found a staircase to the Elven Halls.
 14797 | Orc:2    | Found a roughly hewn altar of Beogh.
 14839 | Orc:2    | Found a roughly hewn altar of Beogh.
 14842 | Orc:2    | Found Qehoxin's Assorted Antiques.
 14911 | Orc:2    | Found a roughly hewn altar of Beogh.
 14945 | Orc:2    | Noticed an orc high priest
 14975 | Orc:2    | Killed an orc high priest
 15000 | Orc:2    | Found a roughly hewn altar of Beogh.
 15027 | Orc:2    | Reached XP level 13. HP: 91/91 MP: 18/22
 15093 | Orc:2    | Found a roughly hewn altar of Beogh.
 15169 | Orc:2    | Found a roughly hewn altar of Beogh.
 15191 | Orc:2    | Reached skill level 8 in Necromancy
 15206 | Orc:2    | Found Siargh's Assorted Antiques.
 15367 | Orc:2    | Reached ***** piety under Kikubaaqudgha
 15529 | Orc:2    | Noticed an orc warlord
 15530 | Orc:2    | Found Pacacronk's Antique Armour Shoppe.
 15637 | Orc:2    | Killed an orc warlord
 15637 | Orc:2    | Reached skill level 9 in Necromancy
 15667 | Orc:2    | Found Kysk's Antique Weapon Emporium.
 15669 | Orc:2    | Found a roughly hewn altar of Beogh.
 16452 | D:12     | Reached skill level 10 in Necromancy
 16502 | D:12     | Got an encrusted flail
 17147 | D:12     | Reached skill level 11 in Necromancy
 17579 | D:13     | Reached ****** piety under Kikubaaqudgha
 17593 | D:13     | Received a gift from Kikubaaqudgha
 17784 | Temple   | Fell from the grace of Kikubaaqudgha
 17784 | Temple   | Became a worshipper of Gozag Ym Sagoz the Greedy
 17959 | Orc:2    | Bought a scroll labeled KEZYLACZYAC for 26 gold pieces
 17959 | Orc:2    | Bought a scroll labeled YVOOMO NEIST for 26 gold pieces
 17959 | Orc:2    | Bought a scroll labeled JYIS NASTRUWN for 26 gold pieces
 18027 | Orc:2    | Bought a yellow potion for 31 gold pieces
 18027 | Orc:2    | Bought a scorched steel amulet for 175 gold pieces
 18027 | Orc:2    | Bought a scroll of identify for 70 gold pieces
 18027 | Orc:2    | Bought a scroll of identify for 70 gold pieces
 18027 | Orc:2    | Bought a scroll of identify for 70 gold pieces
 18069 | Orc:2    | Bought a pair of runed boots for 232 gold pieces
 18070 | Orc:2    | Identified the +7 flail "Jeire" {crush, +Rage rN+ Dex-4
                  | SInv} (You found it on level 12 of the Dungeon)
 18078 | Orc:2    | Identified the amulet of Bixtareq {RegenMP *Slow +Inv rElec
                  | Dex+7} (You bought it in a shop on level 2 of the Orcish
                  | Mines)
 18167 | Lair:1   | Entered Level 1 of the Lair of Beasts
 18253 | Lair:1   | Got an encrusted arbalest
 18254 | Lair:1   | Identified the +2 arbalest of the Undead {freeze, rN+ Str+7
                  | Stlth+} (You found it on level 1 of the Lair of Beasts)
 18383 | Lair:1   | Noticed a reaper
 18389 | Lair:1   | HP: 1/91 [reaper/+6 scythe of pain[the malice of
                  | Kikubaaqudgha] (45)]
 18389 | Lair:1   | Slain by a reaper

Skill      XL: |  1  2  3  4  5  6  7  8  9 10 11 12 13 |
---------------+----------------------------------------+-----
Conjurations   | 1 2 3 4 5 6 |  6.0
Poison Magic   | 3 4 5 7 8 |  8.0
Fire Magic     | 2 3 4 |  4.0
Air Magic      | 1 2 3 4 |  4.0
Maces & Flails | 1 3 4 5 7 8 |  8.1
Armour         | 2 3 4 5 |  5.0
Dodging        | 2 3 |  3.0
Fighting       | 1 3 4 5 |  5.0
Stealth        | 3 5 6 |  6.0
Spellcasting   | 4 6 8 |  8.1
Charms         | 3 4 |  4.0
Necromancy     | 3 5 7 11 | 11.6
Shields        | 5 9 |  9.0
Summonings     | |  1.0
Translocations | |  0.8

Action                   |  1- 3 |  4- 6 |  7- 9 | 10-12 | 13-15 || total
-------------------------+-------+-------+-------+-------+-------++-------
Melee: Club              |    47 |    34 |       |       |       ||    81
       Unarmed           |     1 |       |       |       |       ||     1
       Short sword       |       |    56 |       |       |       ||    56
       Hand axe          |       |    11 |     1 |       |       ||    12
       Mace              |       |       |    90 |   423 |   286 ||   799
 Cast: Magic Dart        |    87 |   153 |   167 |   257 |    75 ||   739
       Mephitic Cloud    |     1 |    19 |    19 |    70 |    51 ||   160
       Conjure Flame     |       |     7 |     9 |    37 |    22 ||    75
       Regeneration      |       |       |       |     3 |     5 ||     8
Invok: Receive Necronomi |       |       |       |       |     1 ||     1
 Abil: Dig               |     7 |    15 |     7 |    16 |    19 ||    64
  Use: Scroll            |       |       |     8 |     6 |       ||    14
 Stab: Confused          |     2 |     3 |     8 |    35 |    23 ||    71
       Sleeping          |       |     1 |     5 |     7 |     2 ||    15
  Eat: Chunk             |     3 |    16 |    13 |    29 |    12 ||    73
       Ration            |       |       |       |       |     2 ||     2
Armor: Robe              |     8 |    28 |    14 |       |       ||    50
       Leather armour    |       |       |    18 |    53 |       ||    71
       Troll leather arm |       |       |       |    41 |    51 ||    92
Dodge: Dodged            |    59 |    81 |    77 |   167 |    82 ||   466
Block: Buckler           |       |       |       |    18 |       ||    18
       Shield            |       |       |       |   107 |   100 ||   207
